 Dungeon Crawl Stone Soup version 0.24.0-13-gcf9b319 (webtiles) character file.

Game seed: 5433555256852800033, levelgen mode: deterministic

112 Letos the Skirmisher (level 5, -3/42 HPs)
             Began as a Formicid Fighter on Nov 21, 2019.
             Killed from afar by a white imp (13 damage)
             ... with a puff of frost
             ... summoned by Natasha
             ... on level 2 of the Dungeon.
             The game lasted 00:01:31 (1797 turns).

Letos the Skirmisher (Formicid Fighter)             Turns: 1797, Time: 00:01:31

Health: -3/42      AC:  5    Str: 21    XL:     5   Next: 16%
Magic:  5/5        EV: 10    Int:  7    God:
Gold:   107        SH:  0    Dex: 11    Spells: 4/4 levels left

rFire    . . .     SeeInvis +   a - +0 long sword
rCold    . . .     Gourm    .   (no shield)
rNeg     . . .     Faith    .   i - +0 ring mail
rPois    .         Spirit   .   (helmet unavailable)
rElec    .         Reflect  .   (no cloak)
rCorr    .         Harm     .   (no gloves)
MR       .....                  (no boots)
Stlth    +.........             (no amulet)
HPRegen  0.14/turn              (no ring)
MPRegen  0.09/turn              (no ring)

@: no status effects
A: permanent stasis, dig shafts and tunnels, four strong arms, antennae 3
a: Dig, Shaft Self


You were on level 2 of the Dungeon.
You were not hungry.

You visited 1 branch of the dungeon, and saw 2 of its levels.

You collected 107 gold pieces.

Inventory:

Hand Weapons
 a - a +0 long sword (weapon)
Armour
 c - a +0 shield
 i - a +0 ring mail (worn)
Jewellery
 g - a +4 amulet of reflection {unknown}
Scrolls
 b - a scroll of enchant weapon {unknown}
 e - a scroll of teleportation {unknown}
 j - a scroll of random uselessness {unknown}
 k - a scroll of identify {unknown}
 l - a scroll of remove curse {unknown}
 m - a scroll of magic mapping {unknown}
Potions
 d - a potion of might
 h - a potion of brilliance {unknown}
 n - a potion of invisibility {unknown}
Comestibles
 f - 11 rations
 o - 3 chunks of flesh


   Skills:
 + Level 4.2 Fighting
 * Level 4.0 Long Blades
 - Level 3.2 Armour
 + Level 4.0 Shields


You had 4 spell levels left.
You didn't know any spells.
Your spell library was empty.

Dungeon Overview and Level Annotations

Branches:
Dungeon (2/15)

Altars:
Fedhas

Annotations:
D:2 Natasha


Innate Abilities, Weirdness & Mutations

You cannot be hasted, slowed, berserked, paralysed or teleported.
You can dig through walls and to a lower floor.
Your four strong arms can wield two-handed weapons with a shield.
You have a pair of large antennae on your head. (SInv)


Message History

The puff of frost hits you.
Natasha growls.
Natasha closely misses you.
You riposte.
You barely miss Natasha.
Natasha is heavily wounded.
You barely miss Natasha.
Natasha is heavily wounded.
The white imp closely misses you. The white imp hits you.
The white imp freezes you. Natasha closely misses you.
The white imp gestures at you. The puff of frost hits you.
You closely miss Natasha.
Natasha is heavily wounded.
The white imp hits you.
* * * LOW HITPOINT WARNING * * *
The white imp freezes you.
* * * LOW HITPOINT WARNING * * *
Natasha claws you but does no damage. The white imp gestures at you.
The puff of frost hits you!
You die...

#.............#...
#.###.##.##.#.#.##
####.####.#..........
#...÷..###...###.#.#.
#.......###......#.#.
#.##.#..# #####......
#..÷..).# #.###..
#.##5#..# .. #.#
#...@...# ... #..
#.%.h5$.# ... ##.
#.###.#.# #.. #.#
.#.# #.. #.. .. # #..
### .## #<. .# #.# #.
#.. ###


You could see Natasha and 2 white imps.

Vanquished Creatures
  Natasha (twice) (D:2)
  3 adders (D:2)
  An ooze (D:1)
  A dart slug (D:2)
  A giant cockroach (D:2)
  A goblin (D:1)
  3 hobgoblins (D:1)
  2 jackals (D:1)
  5 kobolds
  6 bats
  5 frilled lizards
  3 rats
33 creatures vanquished.

Notes
Turn   | Place    | Note
-------+----------+-------------------------------------------
     0 | D:1      | Letos the Formicid Fighter began the quest for the Orb.
     0 | D:1      | Reached XP level 1. HP: 18/18 MP: 1/1
   114 | D:1      | Reached XP level 2. HP: 24/24 MP: 2/2
   723 | D:1      | Reached XP level 3. HP: 30/30 MP: 3/3
  1392 | D:2      | Reached XP level 4. HP: 29/37 MP: 4/4
  1717 | D:2      | Found a blossoming altar of Fedhas.
  1763 | D:2      | Noticed Natasha
  1767 | D:2      | Killed Natasha
  1777 | D:2      | Noticed Natasha
  1781 | D:2      | Killed Natasha
  1781 | D:2      | Reached XP level 5. HP: 42/42 MP: 5/5
  1782 | D:2      | Noticed Natasha
  1797 | D:2      | Killed from afar by a white imp

Levels and vault maps discovered:
D:1:      psy_arrival_dodecagon, layout_loops_corners
D:2:      layout_loops_cross, fedhas_altar_1, uniq_natasha

Skill      XL: |  1  2  3  4 |
---------------+-------------+-----
Long Blades    | 3 4 |  4.0
Fighting       | 4 |  4.2
Shields        | 4 |  4.0
Armour         | |  3.2

Action                   |  1- 3 |  4- 6 || total
-------------------------+-------+-------++-------
Melee: Long sword        |    77 |    35 ||   112
  Eat: Chunk             |       |     3 ||     3
Armor: Scale mail        |     2 |       ||     2
       Ring mail         |    39 |    13 ||    52
Dodge: Dodged            |    65 |    29 ||    94
       Rpst.: Long sword |    17 |     8 ||    25
